 Dungeon Crawl Stone Soup version 0.27.0-1-g7a089689b8 (webtiles) character file.

Game seed: 2638172771482117938

5648 inmateoo the Grappler (level 10, -5/87 HPs)
             Began as a Palentonga Monk on Aug 2, 2021.
             Was a High Priest of Cheibriados.
             Slain by a boulder beetle (27 damage)
             ... on level 9 of the Dungeon.
             The game lasted 00:13:40 (9332 turns).

inmateoo the Grappler (Palentonga Monk)             Turns: 9332, Time: 00:13:40

Health: -5/87      AC: 18    Str: 25    XL:     10   Next: 46%
Magic:  21/21      EV: 10    Int: 25    God:    Cheibriados [*****.]
Gold:   543        SH:  8    Dex: 30    Spells: 9/9 levels left

rFire    . . .     SeeInvis +     - Unarmed
rCold    . . .     Faith    .   p - +1 buckler
rNeg     . . .     Spirit   .   l - +0 chain mail
rPois    .         Reflect  .   (no helmet)
rElec    .         Harm     .   y - +0 cloak
rCorr    .         Rampage  .   w - +0 pair of gloves
Will     .....                  (no barding)
Stlth    ..........             n - amulet of regeneration
HPRegen  1.24/turn              f - ring of magical power
MPRegen  0.17/turn              i - +6 ring of dexterity

@: lethally poisoned (-5 -> -6), slowed, studying Unarmed Combat, curled up,
very slow
A: large, rugged brown scales 3, see invisible, deformed body, roll 1, armoured
tail, reflexive curl, stinger 1, iridescent scales 1
a: Rolling Charge, Renounce Religion, Bend Time, Temporal Distortion, Slouch,
Step From Time


You were on level 9 of the Dungeon.
You worshipped Cheibriados.
Cheibriados was extremely pleased with you.
You visited 2 branches of the dungeon, and saw 10 of its levels.

You collected 543 gold pieces.

Inventory:

Armour
 j - a +2 kite shield of reflection
 l - a +0 chain mail (worn)
 p - a +1 buckler (worn)
 w - a +0 pair of gloves (worn)
 y - a +0 cloak (worn)
Jewellery
 f - a ring of magical power (left hand)
 i - a +6 ring of dexterity (right hand)
 n - an amulet of regeneration (around neck)
Wands
 c - a wand of polymorph (9)
 e - a wand of charming (5)
 g - a wand of paralysis (2)
 k - a wand of acid (11)
Scrolls
 a - a scroll of identify
 d - 3 scrolls of magic mapping
 h - 2 scrolls of teleportation
 u - a scroll of fear
 v - a scroll of fog
 x - a scroll of vulnerability {unknown}
Potions
 b - 3 potions of mutation
 m - a potion of attraction {unknown}
 o - 2 potions of heal wounds {unknown}
 q - a potion of magic {unknown}
 r - a potion of cancellation {unknown}
 s - a potion of flight
 t - 2 potions of lignification
 z - a potion of curing


   Skills:
 + Level 8.7 Fighting
 - Level 2.0 Armour
 - Level 5.0 Dodging
 - Level 2.0 Stealth
 - Level 4.0 Shields
 + Level 11.9 Unarmed Combat
 + Level 3.4 Invocations


You had 9 spell levels left.
You didn't know any spells.
Your spell library contained the following spells:

 Spells                   Type           Power      Damage    Failure   Level
 Animate Skeleton         Necr           0%         N/A       69%         1
 Pain                     Necr           0%         1d4       69%         1
 Sandblast                Erth           0%         2d4       69%         1
 Corpse Rot               Necr/Air       N/A        N/A       83%         2
 Ensorcelled Hibernation  Hex/Ice        0%         N/A       83%         2
 Passwall                 Tmut/Erth      0%         N/A       83%         2
 Poisonous Vapours        Pois/Air       0%         N/A       83%         2
 Slow                     Hex            0%         N/A       83%         2
 Confusing Touch          Hex            0%         N/A       96%         3
 Spider Form              Tmut/Pois      0%         N/A       96%         3
 Swiftness                Air            0%         N/A       96%         3
 Vampiric Draining        Necr           0%         2d6       96%         3
 Summon Ice Beast         Ice/Summ       0%         N/A       100%        4
 Freezing Cloud           Conj/Ice/Air   0%         6-21      100%        5
 Lee's Rapid Deconstruct  Erth           0%         3d5*      100%        5
 Summon Mana Viper        Hex/Summ       0%         N/A       100%        5
 Yara's Violent Unravell  Hex/Tmut       0%         3d3       100%        5
 Invisibility             Hex            0%         N/A       100%        6
 Shadow Creatures         Summ           N/A        N/A       100%        6
 Monstrous Menagerie      Summ           0%         N/A       100%        7


Dungeon Overview and Level Annotations

Branches:
Dungeon (9/15)             Temple (1/1) D:5
   Lair: D:8-11         Orc: D:9-12

Altars:
Ashenzari
Cheibriados
Dithmenos
Elyvilon
Fedhas
Gozag
Hepliaklqana
Kikubaaqudgha
Makhleb
Nemelex Xobeh
Okawaru
Qazlal
Ru
Sif Muna
Trog
Uskayaw
Vehumet
Wu Jian
Xom
Yredelemnul
Zin
The Shining One

Annotations:
D:8 4 runed translucent doors


Innate Abilities, Weirdness & Mutations

You are completely covered in rugged brown scales. (AC +3, +7% HP)
You have supernaturally acute eyesight. (SInv)
Armour fits poorly on your strangely shaped body.
You can roll at nearby foes to attack.
You have a long armoured tail.
You curl defensively after being hit.
Your tail ends in a poisonous barb.
You are partially covered in iridescent scales. (AC +2)


Message History

The bolt of acid hits the boulder beetle.
The boulder beetle is splashed with acid.
The boulder beetle seems to be corroded for longer.
The boulder beetle is moderately wounded.
The bolt of acid hits the kobold!
The kobold is splashed with acid!
The acid corrodes the kobold!
You kill the kobold!
Cheibriados appreciates the change of pace.
The bolt of acid hits the kobold!
The kobold is splashed with acid.
The acid corrodes the kobold!
You kill the kobold!
Cheibriados thoroughly appreciates the change of pace.
You feel sick. The boulder beetle barely misses you.
The boulder beetle misses you.
Aiming: Corrosive Bolt
Press: ? - help, Shift-Dir - straight line, f - boulder beetle
Aim: a boulder beetle (moderately wounded, covered in acid, 100% to hit)
The bolt of acid hits the boulder beetle.
The boulder beetle is splashed with acid.
The boulder beetle seems to be corroded for longer.
The boulder beetle is moderately wounded.
The bolt of acid hits the kobold brigand!
The kobold brigand is splashed with acid.
The kobold brigand seems to be corroded for longer.
You kill the kobold brigand!
Cheibriados thoroughly appreciates the change of pace.
You can now step out of the flow of time.
Cheibriados raises the support of your attributes as your movement slows.
You feel sick. The boulder beetle bites you!!
* * * LOW HITPOINT WARNING * * *
Aiming: Corrosive Bolt
Press: ? - help, Shift-Dir - straight line, f/p - boulder beetle
Aim: a boulder beetle (moderately wounded, covered in acid, 100% to hit)
The bolt of acid hits the boulder beetle.
The boulder beetle is splashed with acid.
The boulder beetle seems to be corroded for longer.
The boulder beetle is heavily wounded.
The bolt of acid misses the kobold.
You feel sick. The boulder beetle bites you!!
You die...

#.#)##.# #.#..#.#
#.##.#.# #####'##.#.#
### .......#...# ..#
.......'...### ..#
.......##..#<#### ..#
......)##.......##K.#
.......##.......@BK)#
.......###......##).#
.......# #>.....#
..... ......)#
######## .K.....
.......#### K......
......))..# .......
######....# .......
#....# ..$.... #....#


You could see a boulder beetle (corroded) and 2 kobolds.

Vanquished Creatures
  2 two-headed ogres (D:9)
  A cyclops (D:8)
  A hornet (D:8)
  Grinder (D:4)
  Sigmund (D:4)
  3 yaks (D:8)
  An orc warrior (D:8)
  A sky beast (D:5)
  An ice beast (D:7)
  A necrophage (D:5)
  An ogre (D:5)
  2 centaurs
  2 phantoms
  3 kobold brigands
  A bullfrog (D:8)
  2 gnoll sergeants
  6 scorpions
  13 wights
  6 howler monkeys
  A bullfrog zombie (D:5)
  2 jellies (D:5)
  A centaur skeleton (D:4)
  3 orc priests
  A bullfrog skeleton (D:5)
  2 orc wizards
  Natasha (thrice) (D:4)
  A killer bee zombie (D:8)
  A howler monkey zombie (D:7)
  2 howler monkey skeletons
  8 gnolls
  5 adders
  A river rat (D:2)
  A white imp (D:8)
  An ufetubus (D:5)
  A worm (D:2)
  17 orcs
  5 bats
  6 endoplasms
  2 giant cockroaches (D:2)
  7 goblins
  6 hobgoblins
  6 jackals
  30 kobolds
  4 quokkas
  4 ball pythons
  4 frilled lizards
  7 rats
181 creatures vanquished.

Vanquished Creatures (collateral kills)
  A yak (D:8)
  Blork the orc (D:6)
  6 kobolds (D:6)
8 creatures vanquished.

Vanquished Creatures (others)
  A yak (D:8)
  21 plants (D:6)
22 creatures vanquished.

Grand Total: 211 creatures vanquished

Notes
Turn   | Place    | Note
-------+----------+-------------------------------------------
     0 | D:1      | inmateoo the Palentonga Monk began the quest for the Orb.
     0 | D:1      | Reached XP level 1. HP: 19/19 MP: 1/1
   173 | D:1      | Reached XP level 2. HP: 21/25 MP: 2/2
   810 | D:2      | Found a glowing silver altar of Zin.
  1037 | D:2      | Reached XP level 3. HP: 31/31 MP: 3/3
  1921 | D:2      | Gained mutation: Your tail ends in a poisonous barb.
                  | [potion of mutation]
  1921 | D:2      | Gained mutation: You are partially covered in iridescent
                  | scales. (AC +2) [potion of mutation]
  2480 | D:2      | Reached XP level 4. HP: 11/38 MP: 4/4
  3161 | D:3      | Found a shimmering blue altar of Sif Muna.
  3375 | D:3      | Reached skill level 4 in Unarmed Combat
  3644 | D:3      | Reached XP level 5. HP: 44/44 MP: 5/5
  4008 | D:3      | Found a broken altar of Ashenzari.
  4008 | D:3      | Found an ancient bone altar of Kikubaaqudgha.
  4038 | D:3      | Found a shadowy altar of Dithmenos.
  4309 | D:4      | Noticed Natasha
  4317 | D:4      | Killed Natasha
  4333 | D:4      | Noticed Natasha
  4343 | D:4      | Killed Natasha
  4375 | D:4      | Reached skill level 5 in Unarmed Combat
  4375 | D:4      | Reached XP level 6. HP: 51/52 MP: 6/6
  4384 | D:4      | Noticed Grinder
  4405 | D:4      | Killed Grinder
  4406 | D:4      | Reached skill level 5 in Fighting
  4485 | D:4      | Noticed Natasha
  4491 | D:4      | Killed Natasha
  4492 | D:4      | Reached skill level 6 in Unarmed Combat
  4561 | D:4      | Gained mutation: You curl defensively after being hit.
                  | [Palentonga growth]
  4561 | D:4      | Reached XP level 7. HP: 44/59 MP: 7/7
  4600 | D:4      | Noticed Sigmund
  4607 | D:4      | Killed Sigmund
  4608 | D:4      | Reached skill level 7 in Unarmed Combat
  4647 | D:4      | You fall into a shaft and drop 1 floor!
  4647 | D:5      | Entered Level 5 of the Dungeon
  4944 | D:5      | Reached skill level 8 in Unarmed Combat
  4949 | D:5      | Reached XP level 8. HP: 15/66 MP: 8/8
  5091 | D:5      | Reached skill level 1 in Armour
  5194 | D:4      | Identified the +4 fustibalus "Qerupucych" {vorpal, Int-5
                  | Dex+4}
  5725 | D:5      | Found a staircase to the Ecumenical Temple.
  5763 | Temple   | Entered the Ecumenical Temple
  5889 | Temple   | Became a worshipper of Cheibriados the Contemplative
  5889 | Temple   | Reached * piety under Cheibriados
  5889 | Temple   | Reached ** piety under Cheibriados
  6298 | D:6      | Noticed Blork the orc
  6332 | D:6      | Killed Blork the orc
  6548 | D:6      | Reached *** piety under Cheibriados
  6592 | D:6      | Reached skill level 9 in Unarmed Combat
  7225 | D:7      | Reached XP level 9. HP: 75/75 MP: 9/9
  7419 | D:7      | Found a bloodstained altar of Trog.
  7534 | D:7      | Reached skill level 1 in Shields
  7848 | D:8      | Found a huge runed translucent gate.
  7850 | D:8      | Found a huge runed translucent gate.
  7856 | D:8      | Identified a scroll of acquirement
  7856 | D:8      | Acquired a manual of Unarmed Combat
  7885 | D:8      | Found a huge runed translucent gate.
  7886 | D:8      | Found a huge runed translucent gate.
  7886 | D:8      | Noticed a polar bear
  7887 | D:8      | Noticed a polar bear
  7887 | D:8      | Noticed a manticore
  7887 | D:8      | Noticed a death yak
  7887 | D:8      | Noticed a manticore
  7888 | D:8      | Noticed a polar bear
  8049 | D:8      | Reached skill level 5 in Dodging
  8057 | D:8      | Reached skill level 10 in Unarmed Combat
  8069 | D:8      | Reached **** piety under Cheibriados
  8310 | D:8      | Noticed a cyclops
  8317 | D:8      | Killed a cyclops
  8851 | D:9      | Reached XP level 10. HP: 85/85 MP: 10/10
  8970 | D:9      | Reached skill level 11 in Unarmed Combat
  8982 | D:9      | Noticed a two-headed ogre
  8991 | D:9      | Killed a two-headed ogre
  9268 | D:9      | Noticed a two-headed ogre
  9273 | D:9      | Killed a two-headed ogre
  9322 | D:9      | Noticed a boulder beetle
  9331 | D:9      | Reached ***** piety under Cheibriados
  9332 | D:9      | Slain by a boulder beetle

Illustrated notes

Levels and vault maps discovered:
D:1:      lemuel_arrival_behind_the_door_small, layout_loops_cross
D:2:      layout_basic, basic_altar, columned_hall_lemuel
D:3:      layout_basic, lemuel_tele_altar, mainiacjoe_overflow_chevrons,
          gammafunk_temple_overflow_elements, guppyfry_early_orc_mine
D:4:      layout_basic, st_stairs_10, corexii_hall_statues_i,
          chequers_serial_rivers_small_a, uniq_grinder, uniq_natasha,
          uniq_sigmund
D:5:      kb_forest_paths, layout_basic, temple_statues, enter_ossuary_2
D:6:      kennysheep_kobold_camp, layout_rooms, hangedman_decor_opposing,
          serial_bayou_pond_c, hangedman_decor_clover_reticule,
          uniq_blork_the_orc
D:7:      layout_basic, old_standard_altar, minmay_misc_feat_diagonals,
          corexii_hall_statues_t, hangedman_abyss_or_decor_jellyfish_corner
D:8:      lemuel_bear_cage, layout_cave_pods
D:9:      layout_basic, nzn_sisyphean_effort
Temple:   minmay_crystal_spiral_temple

Skill      XL: |  1  2  3  4  5  6  7  8  9 10 |
---------------+-------------------------------+-----
Dodging        | 3 4 5 |  5.0
Stealth        | 2 |  2.0
Fighting       | 4 5 6 8 |  8.7
Unarmed Combat | 4 5 6 8 9 10 11 | 11.9
Armour         | 2 |  2.0
Shields        | 3 4 |  4.0
Invocations    | 3 |  3.4

Action                   |  1- 3 |  4- 6 |  7- 9 | 10-12 || total
-------------------------+-------+-------+-------+-------++-------
Melee: Unarmed           |   135 |   158 |   251 |    53 ||   597
       Tailslap          |    12 |    21 |    41 |    19 ||    93
       Punch             |       |     2 |     6 |     1 ||     9
 Abil: Rolling Charge    |    10 |     7 |    20 |     8 ||    45
Evoke: Wand              |       |     7 |    10 |     6 ||    23
  Use: Potion            |     4 |       |       |       ||     4
       Scroll            |     3 |       |    11 |       ||    14
 Stab: Sleeping          |     8 |       |       |       ||     8
       Paralysed         |       |    17 |       |       ||    17
       Distracted        |       |       |     1 |     1 ||     2
Armor: Robe              |    44 |    34 |       |       ||    78
       Chain mail        |       |    36 |   119 |     9 ||   164
Dodge: Dodged            |    51 |    42 |    75 |    20 ||   188
Block: Buckler           |       |       |       |    11 ||    11
